Map: Multitask Trainer (LOTV)

Players

Nadiejda - Winner!

  • Race: Terran Terran
  • Spawn Location: 7:00

VOD

Have the link to the VOD?

Description

Time

  • Played on: March 2, 2021, 5:55 p.m.
  • Length: 12:36
Show
View Real Time Build Order
Export as new Build Order

Nadiejda Terran - Winner!

Build Orders: Reaper Expand 

Get SALT Encoding   

  6  0:01  SCV  
  13  0:17  SCV, Unknown  
  13  0:18  Supply Depot  
  14  0:29  SCV  
  15  0:43  Barracks  
  15  0:44  SCV  
  16  0:48  Refinery  
  16  0:58  SCV  
  17  1:10  SCV  
  19  1:36  Reaper  
  20  1:38  Orbital Command  
  20  1:43  Command Center  
  19  2:03  Supply Depot  
  19  2:07  SCV, Marine  
  21  2:19  SCV  
  22  2:20  Factory  
  22  2:31  Barracks Reactor  
  22  2:34  Bunker  
  22  2:38  Refinery  
  22  2:45  SCV  
  23  2:58  SCV  
  24  3:08  Orbital Command  
  24  3:10  SCV  
  25  3:12  Marine  
  25  3:13  Factory Tech Lab, Marine  
  27  3:19  Starport  
  27  3:22  SCV  
  28  3:34  Cyclone, SCV  
  32  3:41  SCV  
  33  3:46  SCV  
  34  3:59  Barracks  
  34  4:05  SCV x2  
  36  4:09  Viking  
  36  4:14  Marine x2  
  40  4:17  SCV x2  
  39  4:22  Barracks  
  39  4:35  Siege Tank  
  41  4:39  Marine x2  
  41  4:40  SCV  
  41  4:41  SCV  
  44  4:47  Engineering Bay  
  44  4:53  SCV x2  
  46  5:23  Supply Depot  
  46  5:34  Supply Depot x2  
  46  5:35  Supply Depot  
  46  5:37  Supply Depot  
  46  5:44  Terran Infantry Weapons Level 1, Marine x2  
  46  5:45  SCV x2, Supply Depot  
  54  5:51  Starport Reactor  
  54  5:53  Barracks Reactor  
  51  5:57  SCV x2  
  52  6:02  Factory Tech Lab  
  52  6:05  Marine x2  
  52  6:07  Supply Depot  
  54  6:09  SCV  
  55  6:23  Marine  
  55  6:24  Marine  
  55  6:26  Siege Tank  
  55  6:29  Supply Depot  
  60  6:33  Marine x2  
  62  6:41  SCV x2, Marine  
  65  6:51  Supply Depot  
  65  6:53  SCV  
  65  6:57  SCV  
  67  7:00  Marine x5  
  67  7:01  Siege Tank  
  67  7:05  SCV  
  76  7:14  Supply Depot  
  76  7:17  Marine  
  76  7:18  Marine x4  
  81  7:21  Stimpack  
  81  7:33  Siege Tank  
  84  7:35  Marine  
  84  7:36  SCV, Marine x4  
  84  7:37  SCV  
  91  7:42  Hi-Sec Auto Tracking  
  91  7:49  SCV x2  
  92  7:53  Supply Depot, Marine x3  
  92  7:54  Marine  
  92  7:55  Supply Depot  
  97  8:01  SCV x2  
  99  8:05  Siege Tank  
  102  8:13  SCV  
  102  8:14  SCV  
  102  8:17  Refinery  
  104  8:20  Refinery  
  104  8:27  SCV  
  105  8:37  Supply Depot  
  105  8:38  Siege Tank, Marine  
  109  8:39  Terran Infantry Armor Level 1, Marine x4  
  113  8:56  Marine  
  113  8:57  Marine x4  
  113  9:00  Supply Depot  
  118  9:10  Siege Tank  
  118  9:14  Marine x3  
  122  9:15  Marine  
  122  9:16  Missile Turret  
  122  9:19  Missile Turret  
  125  9:23  Supply Depot  
  125  9:28  Marine  
  126  9:30  Medivac  
  126  9:31  Medivac  
  126  9:32  Marine  
  126  9:33  Marauder, Marine x2  
  135  9:42  Siege Tank  
  138  9:45  Supply Depot  
  138  9:46  Marine  
  138  9:48  Supply Depot  
  139  9:50  Supply Depot, Marine  
  139  9:51  Marine x2  
  139  9:54  Marine  
  139  9:57  Supply Depot  
  140  10:00  Medivac  
  140  10:01  Medivac  
  140  10:04  Marine  
  138  10:08  Marine  
  138  10:09  Marine x2  
  133  10:12  Marine  
  127  10:22  Marine  
  128  10:26  Marine  
  128  10:27  Marine x2  
  128  10:29  Marine  
  128  10:31  Siege Tank  
  128  10:32  Medivac  
  121  10:47  Marine  
  121  10:53  Supply Depot  
  122  10:56  Marine  
  122  10:57  Marine x3  
  122  10:58  Medivac  
  128  11:03  Siege Tank  
  128  11:05  Marine  
  132  11:14  Marine x4  
  132  11:16  Supply Depot  
  136  11:23  Marine  
  137  11:32  Marine x4  
  137  11:35  Siege Tank  
  144  11:38  Supply Depot  
  144  11:41  Marine  
  145  11:49  Marine  
Tags
 
Add a new tag
Caveats
  • Supply blocks, unpowered buildings, or Contaminate may cause inaccurate times.
  • Supply counts are checked every 10 seconds.